| TOP OF THE 1ST |
|
Salem Rebels batting - Pitching for Greensboro Hornets : RHP Mark Dacko
|
|
Pitching: RHP Mark Dacko
|
|
|
Batting: RHB Gary Leslie
|
0-0: Called Strike 0-1: Ball 1-1: Foul Ball, location: 2F 1-2: Foul Ball, location: 2F 1-2: SINGLE (Groundball, 34S, EV 68.1 MPH) (infield hit)
|
|
Batting: RHB Daniel Szajko
|
0-0: Ball 1-0: Ball 2-0: Ball 3-0: Called Strike 3-1: Foul Ball, location: 2F 3-2: Fly out, F7 (Flyball, 7LM, EV 85.0 MPH)
|
|
Batting: LHB Thomas Krupa
|
0-0: Ball Gary Leslie steals 2nd base 1-0: Foul Ball, location: 2F 1-1: Ball 2-1: Ball 3-1: Fly out, F8 (Line Drive, 8LM, EV 108.1 MPH)
|
|
Batting: RHB Jorge Monroig
|
0-0: Foul Ball, location: 2F 0-1: Ball 1-1: SINGLE (Groundball, 56D, EV 107.5 MPH) Gary Leslie to third Runner from 3rd tries for Home, SAFE, throw by LF to home
|
|
Batting: RHB Robert O'Connor
|
0-0: Foul Ball, location: 2F 0-1: Foul Ball, location: 2F 0-2: Strikes out swinging
|
| Top of the 1st over - 1 run, 2 hits, 0 errors, 1 left on base; Salem 1 - Greensboro 0 |
| BOTTOM OF THE 1ST |
|
Greensboro Hornets batting - Pitching for Salem Rebels : RHP Gary Johnson
|
|
Pitching: RHP Gary Johnson
|
|
|
Batting: RHB Armando Moreno
|
0-0: Ball 1-0: Foul Ball, location: 2F 1-1: Ball 2-1: Called Strike 2-2: SOLO HOME RUN (Line Drive, 7D, EV 102.5 MPH), Distance : 388 ft
|
|
Batting: SHB Valentino Primante
|
0-0: Ball 1-0: Foul Ball, location: 2F 1-1: Fly out, F6 (Line Drive, 6, EV 75.0 MPH)
|
|
Batting: LHB Preston Cash
|
0-0: Called Strike 0-1: Foul Ball, location: 2F 0-2: Ball 1-2: Ball 2-2: SINGLE (Flyball, 8LS, EV 95.6 MPH)
|
|
Batting: RHB Greg Jelks
|
0-0: Ball 1-0: Called Strike 1-1: Foul Ball, location: 2F 1-2: Fly out, F9 (Line Drive, 9, EV 106.9 MPH)
|
|
Batting: LHB Fernando Vazquez
|
0-0: Called Strike 0-1: Ball 1-1: Ball 2-1: Ball 3-1: Base on Balls Preston Cash to second
|
|
Batting: RHB Bernardo Brito
|
0-0: Ball 1-0: Ball 2-0: Fly out, F7 (Line Drive, 7, EV 99.4 MPH)
|
| Bottom of the 1st over - 1 run, 2 hits, 0 errors, 2 left on base; Salem 1 - Greensboro 1 |
| TOP OF THE 2ND |
|
Salem Rebels batting - Pitching for Greensboro Hornets : RHP Mark Dacko
|
|
Batting: RHB Melvin Williams
|
0-0: Foul Ball, location: 2F 0-1: Swinging Strike 0-2: Strikes out swinging
|
|
Batting: SHB Kelvin Hudson
|
0-0: Foul Ball, location: 2F 0-1: Called Strike 0-2: SINGLE (Flyball, 4D, EV 76.9 MPH)
|
|
Batting: RHB David Smith
|
0-0: Foul Ball, location: 2F 0-1: SINGLE (Flyball, 34D, EV 95.0 MPH) Kelvin Hudson to second
|
|
Batting: RHB Mark Krynitsky
|
0-0: Called Strike Kelvin Hudson steals 3rd base 0-1: Foul Ball, location: 2F 0-2: Reached on error, E6 (Groundball, 6, EV 106.9 MPH) Kelvin Hudson scores David Smith to second
|
|
Batting: RHB Gary Leslie
|
0-0: Ball 1-0: Ball 2-0: Called Strike 2-1: Called Strike 2-2: Foul Ball, location: 2F 2-2: Fly out, F3 (Popup, 3F, EV 80.6 MPH)
|
|
Batting: RHB Daniel Szajko
|
0-0: Called Strike 0-1: Ball 1-1: Swinging Strike 1-2: Ball 2-2: Foul Ball, location: 2F 2-2: Ball 3-2: Ground out 1-3 (Groundball, 34S, EV 63.1 MPH)
|
| Top of the 2nd over - 1 run, 2 hits, 1 error, 2 left on base; Salem 2 - Greensboro 1 |
| BOTTOM OF THE 2ND |
|
Greensboro Hornets batting - Pitching for Salem Rebels : RHP Gary Johnson
|
|
Batting: LHB Ozzie Guillen
|
0-0: Fly out, F6 (Popup, 6S, EV 73.8 MPH)
|
|
Batting: RHB Mark Cauley
|
0-0: Ball 1-0: Ball 2-0: Ball 3-0: Base on Balls
|
|
Batting: LHB Francisco Melendez
|
0-0: Fielders Choice at 2nd, 1-4 (Groundball, 15S, EV 68.8 MPH)
|
|
Batting: RHB Armando Moreno
|
0-0: Ball 1-0: Ground out 1-3 (Groundball, 13S, EV 69.4 MPH)
|
| Bottom of the 2nd over - 0 runs, 0 hits, 0 errors, 1 left on base; Salem 2 - Greensboro 1 |
| TOP OF THE 3RD |
|
Salem Rebels batting - Pitching for Greensboro Hornets : RHP Mark Dacko
|
|
Batting: LHB Thomas Krupa
|
0-0: Foul Ball, location: 2F 0-1: Ground out 5-3 (Groundball, 56, EV 106.3 MPH)
|
|
Batting: RHB Jorge Monroig
|
0-0: Ball 1-0: Ball 2-0: Foul Ball, location: 2F 2-1: Ground out 5-3 (Groundball, 56S, EV 80.0 MPH)
|
|
Batting: RHB Robert O'Connor
|
0-0: Called Strike 0-1: Ball 1-1: Ball 2-1: Called Strike 2-2: Ball 3-2: Ground out 5-3 (Groundball, 56S, EV 87.5 MPH)
|
| Top of the 3rd over - 0 runs, 0 hits, 0 errors, 0 left on base; Salem 2 - Greensboro 1 |
| BOTTOM OF THE 3RD |
|
Greensboro Hornets batting - Pitching for Salem Rebels : RHP Gary Johnson
|
|
Batting: SHB Valentino Primante
|
0-0: Ball 1-0: Ball 2-0: Ball 3-0: Base on Balls
|
|
Batting: LHB Preston Cash
|
0-0: Ball 1-0: Foul Ball, location: 2F 1-1: Ball 2-1: Foul Ball, location: 2F 2-2: Ball 3-2: DOUBLE (Line Drive, 9LS, EV 96.3 MPH) Valentino Primante to third Runner from 3rd tries for Home, SAFE, throw by RF to trailing runner, SAFE at third!
|
|
Batting: RHB Greg Jelks
|
0-0: Called Strike 0-1: Ball 1-1: Foul Ball, location: 2F 1-2: Ball 2-2: Ball 3-2: Strikes out looking
|
|
Batting: LHB Fernando Vazquez
|
0-0: Called Strike 0-1: Fly out, F5 (Line Drive, 5, EV 70.6 MPH)
|
|
Batting: RHB Bernardo Brito
|
0-0: Ball 1-0: Swinging Strike 1-1: Ball 2-1: Called Strike 2-2: Strikes out swinging, 2-3 out at first.
|
| Bottom of the 3rd over - 1 run, 1 hit, 0 errors, 1 left on base; Salem 2 - Greensboro 2 |
| TOP OF THE 4TH |
|
Salem Rebels batting - Pitching for Greensboro Hornets : RHP Mark Dacko
|
|
Batting: RHB Melvin Williams
|
0-0: Ball 1-0: Called Strike 1-1: Ball 2-1: Swinging Strike 2-2: SINGLE (Line Drive, 89M, EV 97.5 MPH)
|
|
Batting: SHB Kelvin Hudson
|
0-0: Ball 1-0: Ball Wild Pitch! Melvin Williams to second 2-0: Called Strike 2-1: Ground out 4-3 (Groundball, 4M, EV 86.3 MPH) Melvin Williams to third
|
|
Batting: RHB David Smith
|
0-0: Swinging Strike 0-1: Foul Ball, location: 2F 0-2: Ball 1-2: Ball 2-2: Foul Ball, location: 2F 2-2: Strikes out swinging, 2-3 out at first.
|
|
Batting: RHB Mark Krynitsky
|
0-0: Called Strike 0-1: Ball 1-1: Called Strike 1-2: Ball 2-2: Foul Ball, location: 2F 2-2: Strikes out looking
|
| Top of the 4th over - 0 runs, 1 hit, 0 errors, 1 left on base; Salem 2 - Greensboro 2 |
| BOTTOM OF THE 4TH |
|
Greensboro Hornets batting - Pitching for Salem Rebels : RHP Gary Johnson
|
|
Batting: LHB Ozzie Guillen
|
0-0: Ball 1-0: Called Strike 1-1: Ball 2-1: Ball 3-1: Called Strike 3-2: Base on Balls
|
|
Batting: RHB Mark Cauley
|
0-0: Foul Ball, location: 2F 0-1: Ball 1-1: SINGLE (Line Drive, 7LM, EV 99.4 MPH) Ozzie Guillen to second
|
|
Batting: LHB Francisco Melendez
|
0-0: Foul Ball, location: 2F 0-1: Foul Ball, location: 2F 0-2: Ball 1-2: Fly out, F5 (Popup, 25F, EV 79.4 MPH)
|
|
Batting: RHB Armando Moreno
|
0-0: Fielders Choice at 2nd, 6-4 (Groundball, 6, EV 80.0 MPH) Ozzie Guillen to third
|
|
Batting: SHB Valentino Primante
|
Balk! Ozzie Guillen scores Armando Moreno to second 0-0: Ball 1-0: Foul Ball, location: 2F 1-1: Foul Ball, location: 2F 1-2: Ball 2-2: Strikes out swinging
|
| Bottom of the 4th over - 1 run, 1 hit, 0 errors, 1 left on base; Salem 2 - Greensboro 3 |
| TOP OF THE 5TH |
|
Salem Rebels batting - Pitching for Greensboro Hornets : RHP Mark Dacko
|
|
Batting: RHB Gary Leslie
|
0-0: Called Strike 0-1: Called Strike 0-2: Ball 1-2: Ball 2-2: Strikes out swinging
|
|
Batting: RHB Daniel Szajko
|
0-0: Ball 1-0: Swinging Strike 1-1: Called Strike 1-2: SINGLE (Groundball, 4MD, EV 96.9 MPH)
|
|
Batting: LHB Thomas Krupa
|
0-0: Swinging Strike 0-1: Ball Daniel Szajko steals 2nd base 1-1: Ball 2-1: Foul Ball, location: 2F 2-2: Fly out, F4 (Popup, 4MD, EV 52.5 MPH)
|
|
Batting: RHB Jorge Monroig
|
0-0: Called Strike 0-1: Ground out 6-3 (Groundball, 6, EV 83.8 MPH)
|
| Top of the 5th over - 0 runs, 1 hit, 0 errors, 1 left on base; Salem 2 - Greensboro 3 |
| BOTTOM OF THE 5TH |
|
Greensboro Hornets batting - Pitching for Salem Rebels : RHP Gary Johnson
|
|
Batting: LHB Preston Cash
|
0-0: Ball 1-0: Ball 2-0: Called Strike 2-1: Foul Ball, location: 2F 2-2: Ground out U3 (Groundball, 34S, EV 88.1 MPH)
|
|
Batting: RHB Greg Jelks
|
0-0: Ball 1-0: Called Strike 1-1: Ball 2-1: Ball 3-1: Called Strike 3-2: Base on Balls
|
|
Batting: LHB Fernando Vazquez
|
0-0: Ball 1-0: SINGLE (Groundball, 4D, EV 106.3 MPH) Greg Jelks to second Runner from 2nd tries for 3rd, SAFE, no throw by CF
|
|
Batting: RHB Bernardo Brito
|
0-0: Called Strike 0-1: Fly out, F8 (Flyball, 8RXD, EV 94.4 MPH) Runner from 3rd tags up, SCORES, no throw by CF
|
|
Batting: LHB Ozzie Guillen
|
0-0: Foul Ball, location: 2F 0-1: Ground out 4-3 (Groundball, 4, EV 89.4 MPH)
|
| Bottom of the 5th over - 1 run, 1 hit, 0 errors, 1 left on base; Salem 2 - Greensboro 4 |
| TOP OF THE 6TH |
|
Salem Rebels batting - Pitching for Greensboro Hornets : RHP Mark Dacko
|
|
Batting: RHB Robert O'Connor
|
0-0: Swinging Strike 0-1: Foul Ball, location: 2F 0-2: Ball 1-2: Fly out, F9 (Flyball, 9, EV 90.6 MPH)
|
|
Batting: RHB Melvin Williams
|
0-0: Ball 1-0: Ball 2-0: Fly out, F8 (Line Drive, 8RD, EV 85.6 MPH)
|
|
Batting: SHB Kelvin Hudson
|
0-0: Called Strike 0-1: Ball 1-1: Ball 2-1: Foul Ball, location: 2F 2-2: SINGLE (Groundball, 4MD, EV 96.9 MPH)
|
|
Batting: RHB David Smith
|
0-0: Ball Kelvin Hudson is caught stealing 2nd base 2-4
|
| Top of the 6th over - 0 runs, 1 hit, 0 errors, 0 left on base; Salem 2 - Greensboro 4 |
| BOTTOM OF THE 6TH |
|
Greensboro Hornets batting - Pitching for Salem Rebels : RHP Gary Johnson
|
|
Batting: RHB Mark Cauley
|
0-0: Foul Ball, location: 2F 0-1: Foul Ball, location: 2F 0-2: Ball 1-2: SOLO HOME RUN (Flyball, 78XD, EV 101.9 MPH), Distance : 398 ft
|
|
Batting: LHB Francisco Melendez
|
0-0: Ball 1-0: Called Strike 1-1: Ball 2-1: Ball 3-1: Fly out, F9 (Flyball, 89M, EV 86.9 MPH)
|
|
Batting: RHB Armando Moreno
|
0-0: Swinging Strike 0-1: Ball 1-1: Called Strike 1-2: Ball 2-2: Ball 3-2: Foul Ball, location: 2F 3-2: Foul Ball, location: 2F 3-2: Foul Ball, location: 2F 3-2: Fly out, F6 (Flyball, 56D, EV 88.8 MPH)
|
|
Batting: SHB Valentino Primante
|
0-0: Ball 1-0: Foul Ball, location: 2F 1-1: Called Strike 1-2: Foul Ball, location: 2F 1-2: Foul Ball, location: 2F 1-2: Foul Ball, location: 2F 1-2: Ball 2-2: Ball 3-2: SINGLE (Line Drive, 3D, EV 105.6 MPH)
|
|
Pitching: RHP Paul Randolph
|
|
|
Batting: LHB Preston Cash
|
0-0: Ball 1-0: Ball 2-0: Foul Ball, location: 2F 2-1: SINGLE (Line Drive, 7S, EV 103.8 MPH) Valentino Primante to second
|
|
Batting: RHB Greg Jelks
|
0-0: Ball 1-0: Ball 2-0: Ball 3-0: Base on Balls Valentino Primante to third Preston Cash to second
|
|
Batting: LHB Fernando Vazquez
|
0-0: Ball 1-0: Foul Ball, location: 2F 1-1: Foul Ball, location: 2F 1-2: Foul Ball, location: 2F 1-2: Ball 2-2: Foul Ball, location: 2F 2-2: Foul Ball, location: 2F 2-2: Ball 3-2: Foul Ball, location: 2F 3-2: DOUBLE (Line Drive, 89D, EV 100.0 MPH) Valentino Primante scores Preston Cash scores Greg Jelks to third Greg Jelks scores
|
|
Batting: RHB Bernardo Brito
|
0-0: Called Strike 0-1: Ground out 1-3 (Groundball, P, EV 68.8 MPH)
|
| Bottom of the 6th over - 4 runs, 4 hits, 0 errors, 1 left on base; Salem 2 - Greensboro 8 |
| TOP OF THE 7TH |
|
Salem Rebels batting - Pitching for Greensboro Hornets : RHP Mark Dacko
|
|
Batting: RHB David Smith
|
0-0: Swinging Strike 0-1: Ball 1-1: Foul Ball, location: 2F 1-2: Ground out U3 (Groundball, 34, EV 98.1 MPH)
|
|
Pitching: LHP Ken Angulo
|
|
|
Batting: RHB Mark Krynitsky
|
0-0: Ball 1-0: Foul Ball, location: 2F 1-1: Ball 2-1: Ball 3-1: Foul Ball, location: 2F 3-2: Base on Balls
|
|
Batting: RHB Gary Leslie
|
0-0: Called Strike 0-1: Called Strike 0-2: Ball 1-2: Strikes out swinging
|
|
Batting: RHB Daniel Szajko
|
0-0: Called Strike 0-1: Ball 1-1: Fielders Choice at 2nd, 6-4 (Groundball, 6, EV 88.1 MPH)
|
| Top of the 7th over - 0 runs, 0 hits, 0 errors, 1 left on base; Salem 2 - Greensboro 8 |
| BOTTOM OF THE 7TH |
|
Greensboro Hornets batting - Pitching for Salem Rebels : RHP Paul Randolph
|
|
Batting: LHB Ozzie Guillen
|
0-0: Called Strike 0-1: Fly out, F8 (Flyball, 8LD, EV 104.4 MPH)
|
|
Batting: RHB Mark Cauley
|
0-0: Called Strike 0-1: Ball 1-1: Foul Ball, location: 2F 1-2: Ball 2-2: Ball 3-2: Base on Balls
|
|
Batting: LHB Francisco Melendez
|
0-0: Ball 1-0: Ball 2-0: Ball 3-0: Base on Balls Mark Cauley to second
|
|
Pitching: RHP Carlos Montijo
|
|
|
Batting: RHB Armando Moreno
|
0-0: Called Strike 0-1: Foul Ball, location: 2F 0-2: Ball 1-2: Strikes out looking
|
|
Batting: SHB Valentino Primante
|
0-0: Ball 1-0: Ball 2-0: Ball 3-0: Base on Balls Mark Cauley to third Francisco Melendez to second
|
|
Batting: LHB Preston Cash
|
0-0: Ball 1-0: GRAND SLAM HOME RUN (Flyball, 9LD, EV 91.3 MPH), Distance : 366 ft
|
|
Batting: RHB Greg Jelks
|
0-0: Ball 1-0: Called Strike 1-1: Ball 2-1: Ground out 6-3 (Groundball, 6, EV 80.6 MPH)
|
| Bottom of the 7th over - 4 runs, 1 hit, 0 errors, 0 left on base; Salem 2 - Greensboro 12 |
| TOP OF THE 8TH |
|
Salem Rebels batting - Pitching for Greensboro Hornets : LHP Ken Angulo
|
|
Pinch Hitting: RHB Frank Wren
|
0-0: Ball 1-0: SINGLE (Line Drive, 6D, EV 94.4 MPH)
|
|
Batting: RHB Jorge Monroig
|
0-0: Called Strike 0-1: Ball 1-1: Fly out, F4 (Flyball, 3D, EV 81.3 MPH)
|
|
Batting: RHB Robert O'Connor
|
0-0: Grounds into double play, 6-4-3 (Groundball, 56, EV 86.9 MPH)
|
| Top of the 8th over - 0 runs, 1 hit, 0 errors, 0 left on base; Salem 2 - Greensboro 12 |
| BOTTOM OF THE 8TH |
|
Greensboro Hornets batting - Pitching for Salem Rebels : RHP Carlos Montijo
|
|
Now at 1B: Michael O'Reilly
|
|
|
Batting: LHB Fernando Vazquez
|
0-0: Called Strike 0-1: Foul Ball, location: 2F 0-2: Ball 1-2: Ball 2-2: Ball 3-2: Base on Balls
|
|
Batting: RHB Bernardo Brito
|
0-0: Ball 1-0: SINGLE (Groundball, 4MD, EV 99.4 MPH) Fernando Vazquez to second
|
|
Batting: LHB Ozzie Guillen
|
0-0: Fly out, F9 (Flyball, 9LM, EV 87.5 MPH)
|
|
Batting: RHB Mark Cauley
|
0-0: Ball 1-0: Ball 2-0: Called Strike 2-1: Swinging Strike 2-2: Grounds into double play, 5-4-3 (Groundball, 56, EV 101.3 MPH)
|
| Bottom of the 8th over - 0 runs, 1 hit, 0 errors, 1 left on base; Salem 2 - Greensboro 12 |
| TOP OF THE 9TH |
|
Salem Rebels batting - Pitching for Greensboro Hornets : LHP Ken Angulo
|
|
Batting: RHB Melvin Williams
|
0-0: Ball 1-0: Ball 2-0: Ball 3-0: Base on Balls
|
|
Batting: SHB Kelvin Hudson
|
0-0: Called Strike 0-1: Ball 1-1: Foul Ball, location: 2F 1-2: SINGLE (Groundball, 34S, EV 70.6 MPH) (infield hit) Melvin Williams to second
|
|
Batting: RHB David Smith
|
0-0: Foul Ball, location: 2F 0-1: Ball 1-1: Ball 2-1: Fly out, F5 (Popup, 5S, EV 85.6 MPH)
|
|
Batting: RHB Mark Krynitsky
|
0-0: Foul Ball, location: 2F 0-1: Foul Ball, location: 2F 0-2: Foul Ball, location: 2F 0-2: Ball 1-2: Ground out 5-3 (Groundball, 5S, EV 65.6 MPH) Melvin Williams to third Kelvin Hudson to second
|
|
Batting: RHB Gary Leslie
|
0-0: SINGLE (Flyball, 9, EV 82.5 MPH) Melvin Williams scores Kelvin Hudson to third
|
|
Batting: RHB Daniel Szajko
|
0-0: Ball 1-0: Foul Ball, location: 2F 1-1: Called Strike 1-2: Ball 2-2: DOUBLE (Flyball, 89D, EV 94.4 MPH) Kelvin Hudson scores Gary Leslie to third
|
|
Batting: SHB Michael O'Reilly
|
0-0: Ball Wild Pitch! Gary Leslie scores Daniel Szajko to third 1-0: Ball 2-0: Called Strike 2-1: Ball 3-1: Base on Balls
|
|
Pitching: LHP Kelly Becker
|
|
|
Batting: RHB Jorge Monroig
|
0-0: Ball 1-0: Ball 2-0: Ball 3-0: Called Strike 3-1: Base on Balls Michael O'Reilly to second
|
|
Batting: RHB Robert O'Connor
|
0-0: Called Strike 0-1: Ball 1-1: Ball 2-1: Ball 3-1: SINGLE (Groundball, 6, EV 95.0 MPH) Daniel Szajko scores Michael O'Reilly to third Jorge Monroig to second
|
|
Batting: RHB Melvin Williams
|
0-0: Foul Ball, location: 2F 0-1: Fly out, F8 (Flyball, 78M, EV 89.4 MPH)
|
| Top of the 9th over - 4 runs, 4 hits, 0 errors, 3 left on base; Salem 6 - Greensboro 12 |
|